Map: Dusty Gorge

Players

Brechum

  • Race: Terran Terran
  • Spawn Location: 3:00

SorenLingus

  • Race: Zerg Zerg
  • League: Silver
  • Spawn Location: 5:00

ILIEKEGGPIE - Winner!

  • Race: Protoss Protoss
  • Spawn Location: 9:00

BizMac - Winner!

  • Race: Zerg Zerg
  • Spawn Location: 11:00

VOD

Have the link to the VOD?

Description

Time

  • Played on: March 6, 2018, 7:59 p.m.
  • Length: 5:13
Show
View Real Time Build Order
Export as new Build Order

Brechum Terran 

Build Orders:  

Get SALT Encoding   

  12  0:01  SCV  
  13  0:13  SCV  
  14  0:25  SCV  
  15  0:30  Supply Depot  
  15  0:40  Refinery  
  15  0:52  SCV  
  15  0:54  Barracks  
  16  1:04  SCV  
  16  1:10  Supply Depot  
  17  1:16  SCV  
  18  1:31  SCV  
  19  1:37  Engineering Bay  
  19  1:41  Marine  
  19  1:43  SCV  
  21  1:52  Barracks  
  21  1:56  SCV  
  21  1:59  Marine  
  23  2:05  Engineering Bay  
  23  2:13  Orbital Command  
  23  2:17  Marine  
  24  2:33  Refinery  
  24  2:35  Marine  
  25  2:45  Factory, Barracks Tech Lab  
  25  2:47  Terran Infantry Weapons Level 1  
  25  2:49  SCV  
  26  3:01  Barracks Reactor  
  26  3:06  SCV  
  27  3:18  SCV  
  27  3:19  Command Center  
  28  3:29  Factory Tech Lab  
  28  3:34  Starport  
  25  3:50  Marine x3  
  30  3:58  Widow Mine  
  19  4:20  Widow Mine  
  21  4:28  Marauder, Marine  
  24  4:37  SCV  
  25  4:49  SCV  
Show
View Real Time Build Order
Export as new Build Order

SorenLingus Zerg 

Build Orders: Pool First 

Get SALT Encoding   

  12  0:20  Spawning Pool  
  11  0:25  Drone  
  12  0:32  Overlord  
  12  0:45  Drone x2  
  14  0:52  Overlord  
  14  1:01  Drone  
  15  1:07  Extractor  
  15  1:11  Zergling x2  
  15  1:13  Queen  
  17  1:20  Zergling x2  
  18  1:32  Zergling x2  
  19  1:49  Zergling x2  
  20  1:58  Drone  
  21  2:11  Metabolic Boost  
  21  2:14  Drone x2  
  23  2:25  Drone  
  23  2:27  Drone  
  25  2:32  Hatchery  
  21  3:26  Zergling x4  
  21  3:27  Zergling x2  
  23  3:35  Roach Warren  
  23  3:37  Extractor  
  21  3:52  Queen  
  21  3:53  Drone  
  24  4:04  Zergling x6  
  24  4:05  Zergling x4  
  29  4:13  Drone x2  
  31  4:35  Drone x2  
  33  4:39  Overlord  
  33  4:51  Zergling x6  
Show
View Real Time Build Order
Export as new Build Order

ILIEKEGGPIE Protoss - Winner!

Build Orders:  

Get SALT Encoding   

  12  0:01  Probe  
  13  0:13  Probe  
  14  0:19  Pylon  
  14  0:26  Probe  
  15  0:38  Probe  
  15  0:39  Gateway  
  16  0:50  Probe  
  16  0:52  Assimilator  
  17  1:02  Probe  
  18  1:10  Pylon  
  18  1:14  Probe  
  19  1:24  Assimilator  
  19  1:26  Probe  
  19  1:27  Cybernetics Core  
  20  1:33  Gateway  
  20  1:44  Pylon  
  20  1:45  Probe (Chrono Boost)  
  21  1:57  Probe (Chrono Boost)  
  21  1:58  Zealot (Chrono Boost)  
  21  2:00  Warp Gate (Chrono Boost)  
  24  2:21  Gateway  
  24  2:22  Gateway  
  22  3:31  Pylon  
  22  3:33  Pylon  
  26  3:43  Nexus  
  26  3:52  Probe  
  31  4:04  Probe  
  24  4:11  Pylon  
  24  4:26  Stalker x3  
  24  4:27  Stalker  
  32  4:32  Probe  
  32  4:34  Pylon  
  33  4:54  Stalker x3  
  33  4:55  Stalker  
  33  4:58  Probe  
Show
View Real Time Build Order
Export as new Build Order

BizMac Zerg - Winner!

Build Orders: Pool First, Zergling Baneling 

Get SALT Encoding   

  12  0:01  Drone  
  13  0:09  Drone  
  14  0:17  Overlord  
  14  0:33  Extractor  
  14  0:34  Drone  
  14  0:36  Drone x2  
  16  0:46  Drone  
  17  0:54  Spawning Pool  
  16  1:10  Drone x2  
  18  1:19  Drone  
  19  1:39  Hatchery  
  18  1:40  Queen  
  20  1:48  Overlord  
  20  1:52  Drone  
  21  1:59  Metabolic Boost  
  21  2:06  Zergling x4  
  23  2:13  Overlord  
  23  2:32  Zergling x2  
  24  2:42  Zergling x2  
  24  2:50  Zergling x2  
  24  2:51  Zergling x6  
  26  3:22  Zergling x2  
  26  3:23  Zergling x10  
  26  3:26  Queen  
  34  3:34  Baneling Nest  
  31  4:01  Zergling x18  
  38  4:27  Zergling x2  
  38  4:28  Zergling x6  
  42  4:32  Baneling x3  
  42  4:33  Baneling x5  
  42  4:40  Drone  
Tags
 
Add a new tag
Caveats
  • Supply blocks, unpowered buildings, or Contaminate may cause inaccurate times.
  • Supply counts are checked every 10 seconds.